 Dungeon Crawl Stone Soup version 0.24-a0-347-g1a3e1d35ff (webtiles) character file.

Game seed: 12836147361951973573

114 Geomchi the Insei (level 4, 0/30 HPs)
             Began as an Octopode Transmuter on May 23, 2019.
             Slain by an adder (3 damage)
             ... on level 3 of the Dungeon.
             The game lasted 00:02:26 (2841 turns).

Geomchi the Insei (Octopode Transmuter)             Turns: 2841, Time: 00:02:27

Health: 0/30       AC:  1    Str:  9    XL:     4   Next: 97%
Magic:  5/7        EV: 11    Int: 16    God:
Gold:   117        SH:  0    Dex: 12    Spells: 3/7 levels left

rFire    . . .     SeeInvis .     - Unarmed
rCold    . . .     Gourm    .   (no shield)
rNeg     . . .     Faith    .   (helmet restricted)
rPois    .         Spirit   .   (no amulet)
rElec    .         Reflect  .   e - ring of wizardry
rCorr    .         Harm     .   m - -2 ring of evasion (curse)
MR       .....                  (no ring)
Stlth    ++........             (no ring)
HPRegen  0.10/turn              (no ring)
MPRegen  0.10/turn              (no ring)
                                (no ring)
                                (no ring)

@: lethally poisoned (0 -> -8), hasted, very quick
A: almost no armour, stealthy swim, amphibious, 8 rings, constrict 8, camouflage
1, gelatinous body 1
a: no special abilities


You were on level 3 of the Dungeon.
You were hungry.

You visited 1 branch of the dungeon, and saw 3 of its levels.

You collected 117 gold pieces.

Inventory:

Missiles
 a - 58 arrows
Jewellery
 e - a ring of wizardry (left tentacle)
 m - a cursed -2 ring of evasion (right tentacle)
Scrolls
 b - a scroll of remove curse {unknown}
 f - a scroll of identify
 i - a scroll of fog {unknown}
 j - 2 scrolls of teleportation
Potions
 g - a potion of agility
 h - a potion of berserk rage {unknown}
 k - a potion of haste
 l - a potion of brilliance {unknown}
 n - a potion of flight {unknown}
Comestibles
 c - 4 rations


   Skills:
 + Level 2.6 Fighting
 - Level 2.0 Dodging
 + Level 3.9 Unarmed Combat
 - Level 2.0 Spellcasting
 + Level 3.2 Transmutations


You had 3 spell levels left.
You knew the following spells:

 Your Spells              Type           Power        Failure   Level  Hunger
a - Beastly Appendage     Tmut           ##....       2%          1    #......
b - Spider Form           Tmut/Pois      #.........   13%         3    ###....

Your spell library contained the following spells:

 Spells                   Type           Power        Failure   Level  Hunger
 Sticks to Snakes         Tmut           ##......     3%          2    ###....
 Ice Form                 Ice/Tmut       #.......     38%         4    #####..
 Blade Hands              Tmut           ##........   50%         5    ######.


Dungeon Overview and Level Annotations

Branches:
Dungeon (3/15)

Altars:
Nemelex Xobeh


Innate Abilities, Weirdness & Mutations

You cannot wear most types of armour.
You are very stealthy in the water. (Stealth+)
You are amphibious.
You can wear up to eight rings at the same time.
You can use your tentacles to constrict eight enemies at once.
Your skin changes colour to match your surroundings (Stealth+).
Your rubbery body absorbs attacks. (AC +1, EV +1)


Message History

You are poisoned.
The adder poisons you!
The orc hits you from afar with a +3 trident.
You take 8 damage, and have 11/30 hp.
MASSIVE DAMAGE!!
You feel sick.
You feel sick.
You take 1 damage, and have 10/30 hp.
You closely miss the adder.
Your transformation has ended.
* * * LOW HITPOINT WARNING * * *
You feel sick. The adder bites you.
* * * LOW HITPOINT WARNING * * *
The adder bites you.
* * * LOW HITPOINT WARNING * * *
The orc closely misses you.
You take 6 damage, and have 4/30 hp.
It was a potion of haste.
You feel yourself speed up.
* * * LOW HITPOINT WARNING * * *
You feel sick. The adder bites you.
You die...

#..........#.##.#
#.#
.#####.#####.##.#
#.# #.# ##.##.#
#.# #.####...#.#
#.# #..........#
#.#
#####..###...###
#.#
.............##
#.#
##.######..##.###
#.#
.....oKoS@......#
#.#
.#.#######.##.#.#
#.# #.##.#.# #.#
#.##.#.# #.# #
#.##.#.#######.#
#
#.##.#......)..#
###
#.##.###########
... ..##.# ...


You could see an adder, 2 orcs and a kobold.

Vanquished Creatures
  An orc priest (D:3)
  4 adders (D:2)
  2 worms
  2 leopard geckos (D:2)
  An orc (D:3)
  A ball python (D:3)
  10 goblins
  A hobgoblin (D:1)
  4 jackals (D:1)
  2 kobolds (D:2)
  2 quokkas
  3 bats
  2 frilled lizards
  4 rats
39 creatures vanquished.

Notes
Turn   | Place    | Note
-------+----------+-------------------------------------------
     0 | D:1      | Geomchi the Octopode Transmuter began the quest for the
                  | Orb.
     0 | D:1      | Reached XP level 1. HP: 13/13 MP: 3/3
   264 | D:1      | Reached XP level 2. HP: 17/18 MP: 3/5
   875 | D:2      | Reached XP level 3. HP: 12/24 MP: 4/6
  1065 | D:1      | Learned a level 3 spell: Spider Form
  1539 | D:2      | Reached XP level 4. HP: 12/29 MP: 5/7
  2699 | D:3      | Found a sparkling altar of Nemelex Xobeh.
  2841 | D:3      | Slain by an adder

Levels and vault maps discovered:
D:1:      psy_arrival_spokes, layout_rooms, serial_curves, eino_curves_01,
          eino_curves_04, chequers_serial_rivers_large_b
D:2:      layout_rooms, st_stairs_3, fountainhead, minmay_unequal
D:3:      layout_loops_ring, lemuel_coloured_pillars_altar, first_ration

Skill      XL: |  1  2  3  4 |
---------------+-------------+-----
Fighting       | 2 |  2.6
Transmutations | 3 |  3.2
Dodging        | |  2.0
Unarmed Combat | |  3.9
Spellcasting   | |  2.0

Action                   |  1- 3 |  4- 6 || total
-------------------------+-------+-------++-------
Melee: Unarmed           |    61 |    43 ||   104
       Kick              |    13 |     3 ||    16
       Constrict         |    12 |     5 ||    17
       Tentacles         |     5 |     1 ||     6
 Cast: Beastly Appendage |    12 |     6 ||    18
       Spider Form       |     2 |     2 ||     4
  Use: Scroll            |       |     2 ||     2
       Potion            |       |     1 ||     1
 Stab: Sleeping          |     1 |       ||     1
  Eat: Chunk             |     2 |     4 ||     6
Armor: Skin              |     5 |     1 ||     6
Dodge: Dodged            |    30 |    26 ||    56

Table legend:
 A = Non-vault XP
 B = Vault XP
 C = Vault XP percentage of total XP
 D = Non-vault monster count
 E = Vault monster count
 F = Vault count percentage of total count
                 A         B        C        D         E       F
            +---------+---------+-------+---------+---------+-------
      Total |     129 |      34 |  20.9 |      33 |       6 |  15.4
            +---------+---------+-------+---------+---------+-------
        D:1 |      21 |       0 |   0.0 |      12 |       0 |   0.0
        D:2 |      54 |      34 |  38.6 |      15 |       6 |  28.6
        D:3 |      54 |       0 |   0.0 |       6 |       0 |   0.0
            +---------+---------+-------+---------+---------+-------
